 Dungeon Crawl Stone Soup version 0.28-a0-268-g3f656e82c2 (webtiles) character file.

Game seed: 16606322276953253906

3150 pokeman the Thaumaturge (level 9, -1/50 HPs)
             Began as a Deep Elf Hedge Wizard on Aug 28, 2021.
             Was a Believer of Vehumet.
             Slain by an eight-headed hydra (11 damage)
             ... on level 6 of the Dungeon.
             The game lasted 00:18:48 (6713 turns).

pokeman the Thaumaturge (Deep Elf Hedge Wizard)     Turns: 6713, Time: 00:18:49

Health: -1/50      AC:  7    Str:  7    XL:     9   Next: 62%
Magic:  16/27      EV: 13    Int: 23    God:    Vehumet [**....]
Gold:   365        SH:  0    Dex: 14    Spells: 20/32 levels left

rFire   + . .      SeeInvis .   v - +0 dagger (venom)
rCold   . . .      Faith    .   (no shield)
rNeg    . . .      Spirit   .   E - +0 steam dragon scales
rPois   .          Reflect  .   c - +0 hat
rElec   .          Harm     .   o - +1 cloak
rCorr   .          Rampage  .   (no gloves)
Will    +....                   (no boots)
Stlth   +.........              t - amulet of regeneration
HPRegen 1.16/turn               y - ring of willpower
MPRegen 0.20/turn               B - ring of protection from fire

@: very slow
A: no striking features
a: Renounce Religion


You were on level 6 of the Dungeon.
You worshipped Vehumet.
Vehumet was pleased with you.
You visited 1 branch of the dungeon, and saw 6 of its levels.

You collected 365 gold pieces.

Inventory:

Hand Weapons
 p - a +4 quarterstaff of chaos
 v - a +0 dagger of venom (weapon)
Missiles
 a - 83 arrows
 d - 43 bolts
Armour
 c - a +0 hat (worn)
 o - a +1 cloak (worn)
 E - +0 steam dragon scales (worn)
Jewellery
 t - an amulet of regeneration (around neck)
 y - a ring of willpower (left hand)
 B - a ring of protection from fire (right hand)
 D - a ring of positive energy
Wands
 q - a wand of polymorph (5)
 u - a wand of acid (13)
 C - a wand of paralysis (6)
Scrolls
 g - 4 scrolls of fog {unknown}
 h - a scroll of blinking {unknown}
 j - 2 scrolls of immolation {unknown}
 m - a scroll of torment {unknown}
 s - 2 scrolls of enchant armour {unknown}
 x - 2 scrolls of identify {unknown}
Potions
 f - a potion of might {unknown}
 i - a potion of flight {unknown}
 k - a potion of brilliance {unknown}
 l - 2 potions of curing
 n - a potion of attraction {unknown}
 r - 2 potions of lignification {unknown}
 w - a potion of degeneration {unknown}
 z - 2 potions of invisibility {unknown}


   Skills:
 + Level 3.1 Fighting
 - Level 3.0 Armour
 - Level 3.0 Dodging
 - Level 3.1 Stealth
 * Level 12.2 Spellcasting
 + Level 8.2 Conjurations
 - Level 1.1 Summonings
 - Level 1.1 Translocations
 - Level 1.1 Fire Magic
 - Level 1.4 Air Magic
 - Level 1.2 Poison Magic
 - Level 1.2 Evocations


You had 20 spell levels left.
You knew the following spells:

 Your Spells              Type           Power      Damage    Failure   Level
a - Magic Dart            Conj           100%       1d8       1%          1
b - Mephitic Cloud        Conj/Pois/Air  30%        N/A       3%          3
c - Call Imp              Summ           19%        N/A       4%          2
d - Blink                 Tloc           N/A        N/A       4%          2
e - Conjure Flame         Conj/Fire      35%        6-21      1%          3
f - Foxfire               Conj/Fire      100%       2x1d9     1%          1

Your spell library contained the following spells:

 Spells                   Type           Power      Damage    Failure   Level
 Shock                    Conj/Air       100%       1d9       1%          1
 Summon Small Mammal      Summ           76%        N/A       2%          1
 Sting                    Tmut/Pois      64%        1d6       3%          1
 Animate Skeleton         Necr           28%        N/A       4%          1
 Pain                     Necr           56%        1d6       4%          1
 Poisonous Vapours        Pois/Air       40%        N/A       4%          2
 Slow                     Hex            14%        N/A       7%          2
 Call Canine Familiar     Summ           19%        N/A       9%          3
 Summon Guardian Golem    Hex/Summ       16%        N/A       11%         3
 Vampiric Draining        Necr           7%         2d7       14%         3
 Olgreb's Toxic Radiance  Pois           19%        N/A       26%         4
 Orb of Destruction       Conj           25%        9d10      78%         7
 Spellforged Servitor     Conj/Summ      17%        N/A       99%         7


Dungeon Overview and Level Annotations

Branches:
Dungeon (6/15)             Temple (0/1) D:5

Altars:
Dithmenos
Fedhas
Sif Muna
Trog
Vehumet
Wu Jian
Zin


Message History

The eight-headed hydra bites you but does no damage.
The eight-headed hydra closely misses you.
The eight-headed hydra misses you. The eight-headed hydra bites you!
The eight-headed hydra closely misses you.
You enter the shallow water.
Moving in this stuff is going to be slow.
Unknown command.
Casting: Blink (safe; 4% risk of failure)
Confirm with . or Enter, or press ? or * to list all spells.
You blink.
Splash!
The eight-headed hydra is engulfed in blazing flames.
The eight-headed hydra bites you but does no damage.
The eight-headed hydra bites you.
The eight-headed hydra bites you but does no damage.
The eight-headed hydra bites you! The eight-headed hydra bites you.
The eight-headed hydra bites you!
* * * LOW HITPOINT WARNING * * *
The eight-headed hydra bites you.
* * * LOW HITPOINT WARNING * * *
The eight-headed hydra closely misses you.
Casting: Blink (safe; 4% risk of failure)
Confirm with . or Enter, or press ? or * to list all spells.
You blink.
Splash!
You fall into the shallow water.
Moving in this stuff is going to be slow.
Unknown command.
As you read the scroll labelled FYTEIT UTERPH, it crumbles to dust.
You assume a fearsome visage.
The eight-headed hydra resists with some effort.
It was a scroll of fear.
As you read the scroll labelled WOJECR JAOSCH, it crumbles to dust.
It is a scroll of amnesia.
Really abort (and waste the scroll)? [Y]es or [N]o only, please.
Really abort (and waste the scroll)?
Okay, then.
The eight-headed hydra bites you!
You die...

..# #.# #≈≈/≈≈######.## ..#
#.# #!?≈..##;;;##≈# ######
#.# #≈≈..$#≈≈?≈≈#≈# .....#
#.# #.≈.PP#≈.≈.$#≈# ####.#
#.# #.....#.PPP?#≈#
####.####.## #P..≈P#≈#
......[....### #.....#.# #
####.####...#..##### #.# . #
#........##..@D≈##+ ##.# # #
###############≈≈.####≈### #
#######..........###..≈≈≈##.#
# ........##########
#######.># # #########
##########.......##### #
#..................... #
#[########............
############.# #.......#####
.............# #.......#


You could see an eight-headed hydra.

Vanquished Creatures
  Maggie (D:6)
  Prince Ribbit (D:6)
  Grinder (D:5)
  Sigmund (D:3)
  A wraith (D:5)
  A water moccasin (D:6)
  A hornet zombie (D:4)
  2 necrophages
  An ogre (D:4)
  A phantom (D:6)
  3 kobold brigands
  Blork the orc (D:5)
  The ghost of Thraspic the Digger, an amateur GrEE (D:4)
  A bullfrog (D:6)
  A gnoll sergeant (D:6)
  3 scorpions
  A water moccasin zombie (D:5)
  A water moccasin skeleton (D:4)
  6 killer bees (D:6)
  3 wights
  A bullfrog zombie (D:6)
  2 hounds
  An orc priest (D:5)
  Crazy Yiuf (D:2)
  A centaur zombie (D:4)
  2 jellies
  Natasha (thrice) (D:2)
  2 iguanas (D:5)
  A hound skeleton (D:4)
  4 gnolls (D:6)
  3 adders
  An ufetubus (D:4)
  An adder skeleton (D:4)
  A worm (D:3)
  2 dart slugs (D:1)
  6 orcs
  5 ball pythons
  3 bats
  2 endoplasms (D:3)
  2 giant cockroaches
  7 goblins
  4 hobgoblins
  4 jackals (D:5)
  3 quokkas
  2 frilled lizards (D:3)
  16 kobolds
  4 rats
116 creatures vanquished.

Vanquished Creatures (collateral kills)
  A foxfire (D:2)
1 creature vanquished.

Vanquished Creatures (others)
  369 foxfires
  2 fungi (D:2)
  2 plants (D:2)
373 creatures vanquished.

Grand Total: 490 creatures vanquished

Notes
Turn   | Place    | Note
-------+----------+-------------------------------------------
     0 | D:1      | pokeman the Deep Elf Hedge Wizard began the quest for the
                  | Orb.
     0 | D:1      | Reached XP level 1. HP: 10/10 MP: 7/7
   472 | D:1      | Reached XP level 2. HP: 16/16 MP: 6/9
  1341 | D:2      | Found a faded altar of an unknown god.
  1388 | D:2      | Got Plato's Guide on Flames
  1577 | D:2      | Reached skill level 5 in Spellcasting
  1733 | D:2      | Noticed Natasha
  1744 | D:2      | Killed Natasha
  1745 | D:2      | Reached skill level 1 in Fighting
  1745 | D:2      | Reached skill level 1 in Armour
  1745 | D:2      | Reached XP level 3. HP: 13/20 MP: 1/11
  1749 | D:2      | Learned a level 3 spell: Mephitic Cloud
  1752 | D:2      | Learned a level 2 spell: Call Imp
  1755 | D:2      | Learned a level 2 spell: Blink
  1759 | D:2      | Learned a level 3 spell: Conjure Flame
  1761 | D:2      | Learned a level 1 spell: Foxfire
  2109 | D:2      | Found a runed translucent door.
  2110 | D:2      | Noticed Crazy Yiuf
  2179 | D:2      | Killed Crazy Yiuf
  2180 | D:2      | Reached XP level 4. HP: 9/25 MP: 0/13
  2478 | D:2      | Noticed Natasha
  2485 | D:2      | Killed Natasha
  2486 | D:2      | Reached skill level 6 in Spellcasting
  2650 | D:2      | Noticed Natasha
  2658 | D:2      | Killed Natasha
  2754 | D:3      | Reached XP level 5. HP: 29/29 MP: 11/16
  2869 | D:3      | Noticed Sigmund
  2926 | D:3      | Killed Sigmund
  2927 | D:3      | Reached skill level 5 in Conjurations
  2927 | D:3      | Reached XP level 6. HP: 5/34 MP: 0/17
  3213 | D:3      | Found a shimmering blue altar of Sif Muna.
  3238 | D:3      | Found a radiant altar of Vehumet.
  3243 | D:3      | Became a worshipper of Vehumet
  3298 | D:3      | Found a blossoming altar of Fedhas.
  3655 | D:4      | Reached skill level 7 in Spellcasting
  3655 | D:4      | Reached skill level 1 in Fire Magic
  3858 | D:4      | Found a transporter.
  3858 | D:4      | Noticed Thraspic's ghost (amateur GrEE)
  3936 | D:4      | Reached XP level 7. HP: 38/38 MP: 11/19
  4049 | D:4      | Found a transporter.
  4191 | D:4      | Reached skill level 1 in Air Magic
  4399 | D:4      | Reached skill level 8 in Spellcasting
  4408 | D:4      | Reached skill level 1 in Poison Magic
  4408 | D:4      | Reached skill level 1 in Evocations
  4429 | D:4      | Killed Thraspic's ghost
  4526 | D:5      | Entered Level 5 of the Dungeon
  4583 | D:5      | Reached * piety under Vehumet
  4583 | D:5      | Offered knowledge of Sandblast by Vehumet.
  4592 | D:5      | Reached XP level 8. HP: 40/43 MP: 17/22
  4648 | D:5      | Noticed Grinder
  4721 | D:5      | Reached skill level 9 in Spellcasting
  4820 | D:5      | Upgraded the game from 0.28-a0-265-g048bc9fd10 to
                  | 0.28-a0-268-g3f656e82c2
  4834 | D:5      | Paralysed by Grinder for 3 turns
  4940 | D:5      | Found a staircase to the Ecumenical Temple.
  5065 | D:5      | Noticed Blork the orc
  5072 | D:5      | Killed Blork the orc
  5077 | D:5      | Killed Grinder
  5078 | D:5      | Reached skill level 10 in Spellcasting
  5249 | D:5      | Found an ornate altar of the Wu Jian Council.
  5500 | D:5      | Found a bloodstained altar of Trog.
  5500 | D:5      | Found a glowing silver altar of Zin.
  5501 | D:5      | Found a shadowy altar of Dithmenos.
  5779 | D:6      | Offered knowledge of Shock by Vehumet.
  5842 | D:6      | Reached ** piety under Vehumet
  5868 | D:6      | Reached XP level 9. HP: 48/48 MP: 23/25
  5875 | D:6      | Reached skill level 11 in Spellcasting
  5927 | D:6      | Noticed Prince Ribbit
  5934 | D:6      | Killed Prince Ribbit
  6313 | D:6      | Noticed Maggie
  6349 | D:6      | Killed Maggie
  6350 | D:6      | Reached skill level 12 in Spellcasting
  6691 | D:6      | Noticed an eight-headed hydra
  6713 | D:6      | Slain by an eight-headed hydra

Illustrated notes

Levels and vault maps discovered:
D:1:      dpeg_arrival_prison, layout_basic
D:2:      layout_loops_ring, shapermc_ecumenical_altar_rom_forum,
          uniq_crazy_yiuf_cottage, uniq_natasha
D:3:      layout_basic, fedhas_altar_4, minitemple, kennysheep_potato,
          uniq_sigmund
D:4:      cheibrodos_thug_alley, layout_rooms, gammafunk_ghost_mausoleum
D:5:      layout_cave_pools, old_standard_altar, gammafunk_temple_overflow_claw,
          minmay_temple_entry_antechambers, hangedman_abyss_or_decor_stabs,
          uniq_blork_the_orc, uniq_grinder
D:6:      cheibrodos_two_vegetables, layout_loops_ring, grunt_ministairs_7,
          minmay_crystal_room, uniq_prince_ribbit1, uniq_maggie

Skill      XL: |  1  2  3  4  5  6  7  8  9 |
---------------+----------------------------+-----
Spellcasting   | 5 6 7 8 10 12 | 12.2
Fighting       | 1 2 3 |  3.1
Armour         | 1 2 3 |  3.0
Conjurations   | 2 5 6 7 8 |  8.2
Fire Magic     | 1 |  1.1
Dodging        | 3 |  3.0
Stealth        | 3 |  3.1
Air Magic      | 1 |  1.4
Poison Magic   | 1 |  1.2
Evocations     | 1 |  1.2
Summonings     | |  1.1
Translocations | |  1.1

Action                   |  1- 3 |  4- 6 |  7- 9 || total
-------------------------+-------+-------+-------++-------
Melee: War axe           |     1 |       |       ||     1
       Quarterstaff      |       |    10 |     2 ||    12
       Dagger            |       |       |    43 ||    43
 Cast: Magic Dart        |    62 |     1 |     5 ||    68
       Foxfire           |     6 |    62 |   137 ||   205
       Mephitic Cloud    |     2 |     3 |    11 ||    16
       Blink             |     1 |     1 |     8 ||    10
       Call Imp          |     1 |       |     8 ||     9
       Conjure Flame     |       |     3 |    19 ||    22
  Use: Scroll            |       |       |     2 ||     2
 Stab: Confused          |     1 |       |       ||     1
Armor: Robe              |     5 |     6 |     6 ||    17
       Steam dragon scal |       |       |     4 ||     4
       Leather armour    |       |       |     2 ||     2
Dodge: Dodged            |     9 |     7 |    62 ||    78

Table legend: (Time is in decaauts)
 A = Elapsed time spent in this place.
 B = Non-inter-level travel time spent in this place.
 C = Inter-level travel time spent in this place.
 D = Time resting spent in this place.
 E = Time spent auto-exploring this place.
 F = Levels seen in this place.
 G = Mean time per level.
                   A        B        C        D        E       F      G
               +--------+--------+--------+--------+--------+-----+--------+
         Total |   6736 |   6365 |    371 |    177 |   4955 |   6 | 1122.7 |
       Dungeon |   6736 |   6365 |    371 |    177 |   4955 |   6 | 1122.7 |
               +--------+--------+--------+--------+--------+-----+--------+

Top non-repeatable levels by time:
     D:2: 1407 daAuts
     D:1: 1329 daAuts
     D:5: 1161 daAuts
     D:4: 1041 daAuts
     D:6: 976 daAuts
     D:3: 820 daAuts
